[Event "GER-ch-Seniors-50 2019"]
[Site "Radebeul"]
[Date "2019.05.04"]
[Round "9.4"]
[White "Pirrot, Dieter"]
[Black "Mueller, Rudolf"]
[Result "1-0"]
[ECO "B00"]
[WhiteElo "2334"]
[BlackElo "2071"]
[Annotator "NA RC"]
[PlyCount "79"]
[EventDate "2019.04.26"]
[EventType "swiss"]
[EventCountry "GER"]
[SourceTitle "playchess.com"]
[Source "ChessBase"]
[SourceQuality "1"]
[TimeControl "40/5400+30:1800+30"]

1. e4 b6 2. d4 e6 3. Nf3 Bb7 4. Bd3 c5 5. c3 cxd4 6. cxd4 Bb4+ 7. Nc3 {[%emt 0:04:24] B00: Queen's Fianchetto Defence, Nimzowitsch Defence} (7. Bd2 Bxd2+ 8. Nbxd2 Ne7 9. e5 h6 10. Ne4 O-O 11. b4 Nf5 12. g4 Nh4 13. g5 Bxe4 14. Bxe4 Nxf3+ 15. Bxf3 {0-1 (27) Muha,M (2362)-Robulj,N (2297) Grohote 2018}) 7... Ne7 8. O-O O-O 9. Bg5 Bxc3 10. bxc3 f6 11. Bh4 Ng6 12. Bg3 d6 $146 ({Predecessor:} 12... Nc6 13. Re1 Rc8 14. Bd6 Rf7 {1-0 (58) Osinga,A (1858)-Dubbeldam,M (1364) Rotterdam 2014}) 13. Qb3 d5 14. Rfe1 Re8 15. h4 Nc6 16. h5 ({White should try} 16. e5 $16) 16... Nf8 (16... Na5 $11 17. Qc2 dxe4 18. Bxe4 (18. hxg6 exd3 19. gxh7+ Kxh7 $11) 18... Bxe4 19. Rxe4 (19. Qxe4 Nf8 $14) 19... Nf8) 17. h6 g5 (17... Na5 $14 18. Qc2 dxe4 19. Bxe4 Bxe4 20. Qxe4 (20. Rxe4 g5 $14) 20... Qd5) 18. exd5 Na5 $2 (18... Qxd5 $16 {was necessary.} 19. Qxd5 exd5) 19. Qc2 Bxd5 {[%emt 0:00:33] [#]} 20. Bxh7+ $1 Kh8 21. Nxg5 Qd7 22. Bd3 fxg5 23. Be5+ Kg8 24. Re3 Nc6 25. Bf6 (25. c4 $18) 25... Re7 $2 (25... Qf7 26. Bxg5 e5) 26. Rg3 Kf7 27. Bxg5 e5 28. Bxe7 Nxe7 29. dxe5 Qc6 30. Rg7+ Ke8 31. c4 Bf7 {[%emt 0:02:40] [#]} 32. Be4 $1 {[%emt 0:01:12] Skewer} Qxh6 33. Rxf7 Rd8 34. Rf6 Qg5 35. Qa4+ Nd7 36. Rd1 Qxe5 37. Bg6+ Nxg6 38. Rxg6 Ke7 39. Qxa7 Qh5 40. Rg7+ 1-0

[Event "GER-ch-Seniors-50 2019"]
[Site "Radebeul"]
[Date "2019.05.04"]
[Round "9.6"]
[White "Wenner, Tobias"]
[Black "Loew, Gerald"]
[Result "0-1"]
[ECO "A88"]
[WhiteElo "2108"]
[BlackElo "2157"]
[Annotator "NA RC"]
[PlyCount "80"]
[EventDate "2019.04.26"]
[EventType "swiss"]
[EventCountry "GER"]
[SourceTitle "playchess.com"]
[Source "ChessBase"]
[SourceQuality "1"]
[TimeControl "40/5400+30:1800+30"]

1. Nf3 d6 2. d4 f5 3. g3 Nf6 4. Bg2 g6 5. O-O Bg7 6. c4 O-O 7. Nc3 c6 8. Re1 Ne4 9. Qc2 Nxc3 {[%emt 0:00:31] A88: Dutch Defence: Leningrad System: 5 Nf3 0-0 6 0-0 d6 7 Nc3 c6} 10. bxc3 e5 11. dxe5 (11. e4 fxe4 12. Qxe4 Bf5 13. Qe3 Nd7 14. Ba3 Nb6 15. Qe2 Re8 16. dxe5 dxe5 17. Rad1 {0-1 (34) Vachier Lagrave,M (2745)-Ponomariov,R (2731) Beijing 2013}) 11... dxe5 12. Ba3 Re8 13. Red1 Qf6 $146 ({Predecessor:} 13... Qa5 14. Bd6 Na6 15. Rab1 Nc5 16. Nd2 e4 17. Bxc5 Qxc5 {0-1 (44) Geyer,M (1881)-Wittenbrock,F (2049) Zuerich 2016}) 14. e4 Na6 15. Bd6 {[%emt 0:09:38] [#]} (15. Rd6 $11 {remains equal.} Be6 16. Qb3) 15... Bf8 $1 16. c5 Nxc5 17. Bxf8 Rxf8 18. exf5 Bxf5 19. Qe2 e4 20. Nd4 Rae8 21. Qc4+ Ne6 22. Re1 Kh8 23. Nxe6 Rxe6 24. h3 g5 25. Rad1 {[%emt 0:09:14] [#]} Bxh3 $1 {[%emt 0:07:39] Discovered Attack} 26. Qd4 Bxg2 27. Kxg2 Qxd4 28. Rxd4 Rfe8 29. Rd7 R8e7 30. Rxe7 Rxe7 31. g4 Kg7 32. Re3 Kf6 33. Kf1 Ke5 34. f3 {[%emt 0:02:43] [#]} Kf4 $1 35. Kf2 Re5 36. fxe4 Rxe4 37. Rd3 Ra4 38. Rh3 Rxa2+ 39. Ke1 $19 Kxg4 40. Rxh7 Rb2 0-1